 Dungeon Crawl Stone Soup version 0.24.0-123-gd5b16e6ec5 (webtiles) character file.

Game seed: 8991614836673650691, levelgen mode: deterministic

62 hazymike the Insei (level 3, -2/28 HPs)
             Began as a Demigod Transmuter on Feb 8, 2020.
             Slain by Natasha (4 damage)
             ... on level 3 of the Dungeon.
             The game lasted 00:13:34 (3167 turns).

hazymike the Insei (Demigod Transmuter)             Turns: 3167, Time: 00:13:35

Health: -2/28      AC:  6    Str: 15    XL:     3   Next: 60%
Magic:  0/8        EV: 11    Int: 17    God:
Gold:   56         SH:  0    Dex: 16    Spells: 0/6 levels left

rFire    . . .     SeeInvis .   f - +0 whip
rCold    . . .     Gourm    .   (no shield)
rNeg     . . .     Faith    .   l - +1 ring mail
rPois    .         Spirit   +   (no helmet)
rElec    .         Reflect  .   (no cloak)
rCorr    +         Harm     .   (no gloves)
MR       .....                  (no boots)
Stlth    +.........             o - amulet of guardian spirit
HPRegen  0.09/turn              m - ring of resist corrosion
MPRegen  0.11/turn              (no ring)

@: no status effects
A: high mp 1
a: no special abilities


You were on level 3 of the Dungeon.
You were hungry.

You visited 1 branch of the dungeon, and saw 3 of its levels.

You collected 56 gold pieces.

Inventory:

Hand Weapons
 f - a +0 whip (weapon)
Missiles
 a - 30 arrows
 b - 29 stones (quivered)
Armour
 l - a +1 ring mail (worn)
Jewellery
 m - a ring of resist corrosion (left hand)
 o - an amulet of guardian spirit (around neck)
Scrolls
 c - a scroll of teleportation {unknown}
 g - 4 scrolls of identify
 h - a scroll of fog {unknown}
 i - a scroll of enchant armour
 j - a scroll of magic mapping {unknown}
 n - 2 scrolls of remove curse
Potions
 e - 2 potions of curing
 k - a potion of agility {unknown}
Comestibles
 d - 3 rations


   Skills:
 + Level 1.3 Fighting
 + Level 2.2 Dodging
 * Level 3.4 Unarmed Combat
 - Level 2.0 Spellcasting
 + Level 2.3 Transmutations
 + Level 0.2 Poison Magic


You couldn't memorise any spells.
You knew the following spells:

 Your Spells              Type           Power        Failure   Level  Hunger
a - Beastly Appendage     Tmut           #.....       16%         1    #......
b - Sticks to Snakes      Tmut           #.......     22%         2    ###....
c - Spider Form           Tmut/Pois      #.........   56%         3    ###....

Your spell library contained the following spells:

 Spells                   Type           Power        Failure   Level  Hunger
 Ice Form                 Ice/Tmut       #.......     94%         4    #####..
 Blade Hands              Tmut           #.........   99%         5    ######.


Dungeon Overview and Level Annotations

Branches:
Dungeon (3/15)

Annotations:
D:3 Natasha


Innate Abilities, Weirdness & Mutations

You have an increased reservoir of magic. (+10% MP)


Message History

Natasha is heavily wounded.
Natasha casts a spell.
You hit Natasha.
Natasha is heavily wounded.
The white imp disappears in a puff of smoke!
Natasha mumbles some strange words.
You hit Natasha.
Natasha is severely wounded.
The iron imp lashes its tail.
The iron imp closely misses you. Natasha barely misses you.
The crimson imp blinks!
You completely miss Natasha.
Natasha is severely wounded.
Natasha closely misses you. The iron imp hits you!
* * * LOW HITPOINT WARNING * * *
The crimson imp blinks!
You hit Natasha.
Natasha is severely wounded.
Natasha claws you.
You die...

###.# #..... #.#
####.. #.# #..
#.# ##. #.# ###
#. ##.## .... #.
##...## ...# #.
#.....#####....#
#.
#.......5@h....#
#.
#.....######ยง.!#
##...## ... #####
.


You could see an iron imp and Natasha.

Vanquished Creatures
  2 adders (D:2)
  A worm (D:2)
  A dart slug (D:2)
  3 leopard geckos
  3 goblins
  5 hobgoblins
  6 kobolds
  2 quokkas (D:2)
  7 bats
  A frilled lizard (D:1)
  7 rats
38 creatures vanquished.

Notes
Turn   | Place    | Note
-------+----------+-------------------------------------------
     0 | D:1      | hazymike the Demigod Transmuter began the quest for the
                  | Orb.
     0 | D:1      | Reached XP level 1. HP: 15/15 MP: 5/5
   118 | D:1      | Reached skill level 1 in Fighting
   713 | D:1      | Reached XP level 2. HP: 22/23 MP: 4/7
   885 | D:1      | Learned a level 2 spell: Sticks to Snakes
  1069 | D:1      | Reached skill level 3 in Unarmed Combat
  1737 | D:2      | Reached XP level 3. HP: 28/28 MP: 6/8
  1762 | D:2      | Learned a level 3 spell: Spider Form
  1776 | D:2      | Found a hide-covered altar of Uskayaw.
  3146 | D:3      | Noticed Natasha
  3167 | D:3      | Slain by Natasha

Levels and vault maps discovered:
D:1:      roderic_octagonal_star, layout_basic
D:2:      layout_loops_corners, nicolae_overflow_crystal_walls,
          minmay_misc_feat_roman
D:3:      layout_loops_corners, grunt_dithmenos_smoke, first_ration,
          nrook_mini_backslash, uniq_natasha

Skill      XL: |  1  2 |
---------------+-------+-----
Fighting       | 1 |  1.3
Transmutations | 2 |  2.3
Unarmed Combat | 3 |  3.4
Dodging        | 2 |  2.2
Spellcasting   | 2 |  2.0
Poison Magic   | |  0.2

Action                   || total
-------------------------++-------
Melee: Unarmed           ||    13
       Whip              ||   134
       Headbutt          ||     8
       Kick              ||    13
       Punch             ||     4
Throw: Stone             ||     1
 Cast: Beastly Appendage ||    26
  Use: Scroll            ||     4
       Potion            ||     2
 Stab: Sleeping          ||     1
  Eat: Chunk             ||     7
Armor: Robe              ||     2
       Ring mail         ||    41
Dodge: Dodged            ||    87
